Map: Ulrena

Players

Vexed

  • Race: Protoss Protoss
  • League: Silver

LilDicky - Winner!

  • Race: Terran Terran
  • League: Diamond

VOD

http://www.twitch.tv/tumescentpie

Description

Time

  • Played on: Jan. 2, 2016, 12:16 a.m.
  • Length: 6:49
Show
View Real Time Build Order
Export as new Build Order

Vexed Protoss 

Build Orders:  

Get SALT Encoding   

  12  0:02  Probe (Chrono Boost)  
  13  0:12  Probe (Chrono Boost)  
  14  0:18  Pylon  
  14  0:23  Probe (Chrono Boost)  
  15  0:37  Gateway  
  15  0:39  Probe (Chrono Boost)  
  16  0:45  Assimilator  
  17  0:50  Probe (Chrono Boost)  
  17  0:56  Assimilator  
  17  1:01  Probe (Chrono Boost)  
  18  1:08  Pylon  
  18  1:12  Probe (Chrono Boost)  
  19  1:24  Cybernetics Core  
  19  1:26  Probe (Chrono Boost)  
  20  1:42  Gateway  
  20  1:44  Probe (Chrono Boost)  
  21  1:55  Probe (Chrono Boost)  
  21  2:00  Warp Gate  
  24  2:01  Adept  
  24  2:10  Mothership Core (Chrono Boost)  
  24  2:15  Pylon  
  27  2:30  Probe (Chrono Boost)  
  28  2:44  Probe (Chrono Boost)  
  28  2:46  Adept  
  28  2:47  Adept  
  28  2:50  Robotics Facility  
  32  3:17  Pylon  
  32  3:26  Probe (Chrono Boost)  
  32  3:40  Observer  
  33  3:42  Nexus  
  33  3:46  Pylon  
  33  4:16  Adept x2  
  35  4:25  Probe (Chrono Boost)  
  35  4:30  Pylon  
  36  4:33  Pylon  
  36  4:39  Robotics Bay  
  36  4:44  Gateway, Pylon  
  36  4:46  Pylon  
  36  5:07  Adept x2  
  36  5:10  Probe x2 (Chrono Boost)  
  36  5:13  Immortal  
  44  5:40  Adept  
  44  5:41  Adept  
  31  6:04  Adept x2  
  29  6:09  Adept  
  29  6:26  Probe x2 (Chrono Boost)  
  29  6:27  Adept  
  29  6:28  Adept  
  24  6:36  Probe (Chrono Boost)  
  24  6:37  Probe (Chrono Boost)  
  15  6:43  Adept  
Show
View Real Time Build Order
Export as new Build Order

LilDicky Terran - Winner!

Build Orders: MMM Bio 

Get SALT Encoding   

  12  0:02  SCV  
  13  0:14  SCV  
  13  0:18  Supply Depot  
  14  0:26  SCV  
  15  0:39  Refinery  
  15  0:42  Barracks  
  15  0:44  SCV  
  16  0:56  SCV  
  17  1:08  SCV  
  18  1:21  SCV  
  19  1:35  Supply Depot, Marine  
  19  1:36  Orbital Command  
  20  1:43  Factory  
  20  1:53  Marine  
  21  2:08  Barracks  
  21  2:10  SCV, Barracks  
  22  2:21  Refinery  
  22  2:22  Barracks Reactor  
  22  2:35  SCV  
  23  2:47  SCV  
  24  2:57  Barracks Tech Lab x2  
  24  3:01  Supply Depot, Widow Mine  
  26  3:10  Marine  
  26  3:11  Marine  
  28  3:13  SCV  
  28  3:18  Marine x2  
  31  3:21  Combat Shields  
  31  3:22  Stimpack  
  31  3:28  Marine  
  31  3:29  Marine  
  33  3:37  SCV, Marine x2  
  33  3:39  Starport  
  36  3:46  Marine  
  36  3:47  Marine  
  38  3:49  SCV  
  39  4:00  Supply Depot  
  39  4:12  Marine x4  
  41  4:17  Medivac  
  41  4:20  Supply Depot  
  42  4:30  Marauder x2  
  46  4:36  Marine x2  
  48  4:45  Concussive Shells  
  48  4:51  Medivac  
  48  4:52  Marauder  
  51  5:07  Marine x3  
  51  5:13  Marauder  
  56  5:14  Hellion  
  55  5:28  Marine x2  
  55  5:29  Marauder  
  55  5:30  SCV  
  55  5:34  Marauder  
  53  5:53  Marine x2  
  53  5:54  Marauder  
  51  6:25  Hellion, Marine x4  
  59  6:36  SCV  
Tags
 
Add a new tag
Caveats
  • Supply blocks, unpowered buildings, or Contaminate may cause inaccurate times.
  • Supply counts are checked every 10 seconds.